 Dungeon Crawl Stone Soup version 0.22-a0-63-geddfa9b (webtiles) character file.

133724 KristoblXynda the Peltast (level 16, -1/128 HPs)
             Began as a Grey Draconian Fighter on Jan 10, 2018.
             Was the Champion of Okawaru.
             Slain by an elephant (2 damage)
             ... on level 6 of the Lair of Beasts.
             The game lasted 01:16:31 (32206 turns).

KristoblXynda the Peltast (Grey Draconian Fighter) Turns: 32206, Time: 01:16:32

Health: -1/128     AC: 24    Str: 19    XL:     16   Next: 60%
Magic:  23/23      EV:  2    Int: 17    God:    Okawaru [******]
Gold:   545        SH:  0    Dex: 16    Spells: 19/24 levels left

rFire    + . .     SeeInvis .   g - +7 eveningstar of Wealth {flame, rF+ Stlth+}
rCold    . . .     Gourm    .   b - +1 shield
rNeg     + + +     Faith    .   (armour unavailable)
rPois    ∞         Spirit   .   i - +0 hat
rElec    +         Reflect  .   w - +2 cloak {rPois}
rCorr    +         Harm     .   s - +3 pair of gloves of Vanity {rElec rCorr}
MR       +....                  N - +2 pair of boots {run}
Stlth    +++++.....             S - amulet of regeneration
HPRegen  0.71/turn              K - +4 ring of dexterity
MPRegen  0.18/turn              G - +5 ring of intelligence

@: petrified, quick
A: walk through water, unfitting armour, fangs 1, dopey 1, unbreathing,
cold-blooded, AC +14
a: Heroism, Finesse, Renounce Religion


You were on level 6 of the Lair of Beasts.
You worshipped Okawaru.
Okawaru was exalted by your worship.
You were not hungry.

You visited 4 branches of the dungeon, and saw 24 of its levels.
You also visited: Ossuary, Bailey and Volcano.

You collected 2424 gold pieces.
You spent 1879 gold pieces at shops.

Inventory:

Hand Weapons
 g - the +7 eveningstar of Wealth (weapon) {flame, rF+ Stlth+}
   (Okawaru gifted it to you on level 10 of the Dungeon)

   It has been specially enchanted to burn those struck by it, causing extra
   injury to most foes and up to half again as much damage against particularly
   susceptible opponents.
   It protects you from fire.
   It makes you more stealthy.
Missiles
 q - 7 javelins (quivered)
 t - a tomahawk
 D - a throwing net
Armour
 b - a +1 shield (worn)
 i - a +0 hat (worn)
 s - the +3 pair of gloves of Vanity (worn) {rElec rCorr}
   (You found it on level 4 of the Dungeon)

   It insulates you from electricity.
   It protects you from acid and corrosion.
 w - a +2 cloak of poison resistance (worn)
 N - a +2 pair of boots of running (worn)
Jewellery
 y - a +2 ring of protection
 G - a +5 ring of intelligence (right hand)
 K - a +4 ring of dexterity (left hand)
 S - an amulet of regeneration (around neck)
 T - an uncursed ring of wizardry
Wands
 v - a wand of iceblast (5)
 C - a wand of digging (11)
 I - a wand of acid (8)
 U - a wand of disintegration (22)
Scrolls
 a - 3 scrolls of blinking
 f - 2 scrolls of immolation
 l - 2 scrolls of silence
 n - 9 scrolls of remove curse
 u - a scroll of fear
 x - 2 scrolls of identify
 O - a scroll of amnesia
 Q - a scroll of magic mapping
 R - a scroll of teleportation
Potions
 c - 3 potions of might
 e - 8 potions of brilliance
 h - a potion of invisibility
 j - 3 potions of cancellation
 k - 7 potions of curing
 m - 6 potions of magic
 p - a potion of ambrosia
 z - 6 potions of heal wounds
 A - 5 potions of haste
 B - 3 potions of flight
 F - 2 potions of resistance
 M - 4 potions of agility
 P - 4 potions of berserk rage
Miscellaneous
 E - a crystal ball of energy
 H - 2 boxes of beasts
 J - a lightning rod (1/4)
 L - a sack of spiders
Comestibles
 d - 24 rations


   Skills:
 - Level 8.2 Fighting
 - Level 15.0 Maces & Flails
 - Level 6.0 Throwing
 + Level 9.0 Dodging
 - Level 9.0 Stealth
 - Level 15.0 Shields
 + Level 4.7 Spellcasting
 + Level 4.4 Conjurations
 - Level 9.0 Invocations
 - Level 9.0 Evocations


You had 19 spell levels left.
You knew the following spells:

 Your Spells              Type           Power        Failure   Level  Hunger
a - Fireball              Conj/Fire      ##........   85%         5    ######.


Dungeon Overview and Level Annotations

Branches:
Dungeon (15/15)            Temple (1/1) D:4            Lair (6/6) D:11
 Shoals (0/4) Lair:4        Snake (0/4) Lair:3          Orc (2/2) D:12
    Elf (0/3) Orc:2        Vaults (0/5) D:14         Depths (0/5) D:15
  Slime: Lair:5-6

Altars:
Ashenzari
Cheibriados
Dithmenos
Elyvilon
Fedhas
Gozag
Hepliaklqana
Kikubaaqudgha
Makhleb
Nemelex Xobeh
Okawaru
Qazlal
Ru
Sif Muna
Trog
Uskayaw
Vehumet
Wu Jian
Xom
Yredelemnul
Zin
The Shining One
Beogh

Shops:
D:6 *   D:10 !   Orc:2 ([=!

Annotations:
D:9 Demitroll's ghost, novice TrMo
Lair:3 exclusion: 4 oklob plants


Innate Abilities, Weirdness & Mutations

You can walk through water.
Your dull iron-grey scales are very hard. (AC +14)
You cannot fit into any form of body armour.
You can survive without breathing.
You are cold-blooded and may be slowed by cold attacks.
You have very sharp teeth.
You are dopey. (Int -2)


Message History

The seven-headed hydra bites you but does no damage.
The seven-headed hydra bites you.
* * * LOW HITPOINT WARNING * * *
The seven-headed hydra bites you!
* * * LOW HITPOINT WARNING * * *
The seven-headed hydra bites you but does no damage.
The death yak gores you!
* * * LOW HITPOINT WARNING * * *
The elephant tramples you but does no damage.
The elephant trunk-slaps you but does no damage.
The elephant tramples you but does no damage.
The elephant trunk-slaps you but does no damage.
The seven-headed hydra bites you!
* * * LOW HITPOINT WARNING * * *
The seven-headed hydra bites you but does no damage.
The seven-headed hydra bites you!
* * * LOW HITPOINT WARNING * * *
The seven-headed hydra bites you but does no damage. x4
The elephant tramples you.
You die...

.....####.## #P.... ##.....###.#
##.... ...#...##..# #.†..
.<.#..(....## #.... ............#
#.... ..##........# ### # #....
..###.......# #.## k# #....
..#........## ##D.###.#..# #....
.##........# #@Yk#......###....
.#......P..# ###YY...#....##.....
.#.......#.###..l.........##.....
......(###..##P....†#...#####.Y..
...<..########..#.#.# ..# #Y.Y.
......##P## #...#...# ## #Yw..
.....#....###P..#...####.####YY..
............#...#...#.....##..YY.
............##..#####.....##..Y..


You could see a death yak, a seven-headed hydra, 2 elephants, a basilisk and a
rime drake.

Vanquished Creatures
  Gastronok (Orc:1)
  Roxanne (D:15)
  2 orc warlords
  A stone giant (Orc:1)
  Nessos (D:13)
  Josephine (D:14)
  2 fire dragons
  3 ogre magi
  2 vault guards (D:14)
  An ice dragon (D:15)
  4 hydras
  A catoblepas (Lair:6)
  A tengu warrior (D:14)
  2 centaur warriors
  17 two-headed ogres
  8 death yaks (Lair:6)
  Nergalle (D:10)
  2 iron trolls (Orc:1)
  4 skeletal warriors (D:14)
  A hell knight (Volcano)
  An unseen horror (D:13)
  A deep troll (D:15)
  5 wizards (D:14)
  An obsidian statue (Lair:3)
  A swamp dragon (Lair:6)
  Pikel (D:7)
  17 ugly things
  10 deep elf magi
  6 cyclopes
  A manticore (D:13)
  3 oklob plants (D:11)
  6 black mambas
  Maurice (D:12)
  23 elephants
  A torpor snail (Lair:6)
  A gargoyle (D:14)
  9 spiny frogs
  5 centaur skeletons
  2 rime drakes
  11 komodo dragons
  2 kobold demonologists (D:14)
  2 tengu conjurers (D:15)
  A polar bear (Lair:6)
  18 blink frogs
  A hornet (D:14)
  14 hippogriffs
  13 trolls
  6 dream sheep (Lair:2)
  A harpy skeleton (D:15)
  3 slime creatures (D:14)
  A shadow (D:15)
  5 wraiths (D:14)
  40 yaks
  3 vampires
  2 wyverns
  Eustachio (D:5)
  3 basilisks
  17 humans (D:14)
  2 hungry ghosts (D:14)
  3 steam dragons
  2 vampire mosquitoes (D:15)
  Menkaure (D:5)
  2 wargs (Orc:1)
  An acid dragon (Lair:6)
  9 porcupines
  17 water moccasins
  2 swamp drakes (Lair:6)
  16 orc warriors
  2 slaves (D:7)
  2 ice beasts
  8 sky beasts
  3 black bears
  A necrophage (D:9)
  25 ogres
  A hornet zombie (D:8)
  13 wolves
  12 centaurs
  8 big kobolds
  13 crocodiles
  20 bullfrogs
  7 elf zombies (Ossuary)
  3 gnoll sergeants (D:12)
  A hornet simulacrum (D:14)
  17 killer bees
  5 scorpions
  3 wights (D:8)
  3 howler monkeys (D:7)
  2 electric eels
  7 crimson imps
  3 bullfrog zombies
  2 quasits
  3 centaur zombies
  5 hounds
  4 human zombies (Ossuary)
  9 orc priests
  3 jellies
  18 orc wizards
  Crazy Yiuf (D:4)
  4 bullfrog skeletons
  3 iguanas
  Natasha (thrice) (D:4 D:5)
  4 hell rats (Lair:1)
  11 worker ants
  3 mummies (Ossuary)
  2 hound skeletons
  5 gnolls
  19 adders
  A howler monkey skeleton (D:10)
  2 river rats (Lair:1)
  A shadow imp (D:13)
  An ooze (D:6)
  An adder zombie (D:5)
  54 orcs
  2 ball pythons
  21 giant cockroaches
  19 goblins
  20 hobgoblins
  6 jackals
  45 kobolds
  4 quokkas
  4 bats
  5 frilled lizards
  A jackal skeleton (D:4)
  A quokka skeleton (D:6)
  17 rats
  9 plants
822 creatures vanquished.

Vanquished Creatures (others)
  An orc wizard (D:13)
  3 orcs (D:7)
  7 fungi (Lair:6)
  13 plants
24 creatures vanquished.

Grand Total: 846 creatures vanquished

Notes
Turn   | Place    | Note
-------+----------+-------------------------------------------
     0 | D:1      | KristoblXynda the Draconian Fighter began the quest for the Orb.
     0 | D:1      | Reached XP level 1. HP: 19/19 MP: 1/1
   127 | D:1      | Reached XP level 2. HP: 19/26 MP: 2/2
   435 | D:1      | Reached XP level 3. HP: 30/31 MP: 3/3
   856 | D:2      | Found an opulent altar of Gozag.
   866 | D:2      | Found a sacrificial altar of Ru.
   871 | D:2      | Found a shimmering altar of Xom.
   876 | D:2      | Found a white marble altar of Elyvilon.
   881 | D:2      | Found an ornate altar of the Wu Jian Council.
   886 | D:2      | Found a blossoming altar of Fedhas.
   892 | D:2      | Found a hide-covered altar of Uskayaw.
  1028 | D:2      | Reached XP level 4. HP: 33/38 MP: 4/4
  1098 | D:2      | Found a burning altar of Makhleb.
  1590 | D:3      | Noticed a bullfrog
  1607 | D:3      | Killed a bullfrog
  1607 | D:3      | Reached XP level 5. HP: 26/45 MP: 5/5
  2612 | D:4      | Reached XP level 6. HP: 50/51 MP: 6/6
  2649 | D:4      | Got a pair of smoking gloves
  2865 | D:4      | Identified the +3 pair of gloves of Vanity {rElec rCorr} (You found it on level 4 of the Dungeon)
  2913 | D:4      | Noticed Natasha
  2926 | D:4      | Killed Natasha
  3036 | D:4      | Found a runed door.
  3141 | D:4      | Found a staircase to the Ecumenical Temple.
  3542 | Temple   | Entered the Ecumenical Temple
  3561 | Temple   | Became a worshipper of Warmaster Okawaru
  3636 | D:4      | Noticed Crazy Yiuf
  3638 | D:4      | Killed Crazy Yiuf
  3638 | D:4      | Reached skill level 5 in Shields
  3729 | D:5      | Entered Level 5 of the Dungeon
  3917 | D:5      | Found an opulent altar of Gozag.
  3922 | D:5      | Your scales start taking on a dull iron-grey colour.
  3922 | D:5      | Reached XP level 7. HP: 57/57 MP: 7/7
  3922 | D:5      | Gained mutation: You can survive without breathing. [Grey Draconian growth]
  4220 | D:5      | Noticed Natasha
  4246 | D:5      | Killed Natasha
  4414 | D:5      | Noticed Menkaure
  4431 | D:5      | Killed Menkaure
  4431 | D:5      | Reached * piety under Okawaru
  4431 | D:5      | Reached skill level 5 in Maces & Flails
  4431 | D:5      | Reached skill level 5 in Dodging
  4573 | D:5      | Noticed Natasha
  4635 | D:5      | Killed Natasha
  4666 | D:5      | Reached skill level 1 in Evocations
  4867 | D:5      | Noticed Eustachio
  4920 | D:5      | Killed Eustachio
  5103 | D:6      | Reached XP level 8. HP: 63/63 MP: 9/9
  5114 | D:6      | Found Uruops's Assorted Antiques.
  5719 | D:6      | Reached ** piety under Okawaru
  6018 | D:7      | Found a sand-covered staircase.
  6029 | D:7      | Noticed Pikel
  6032 | Ossuary  | Entered an ossuary
  6302 | Ossuary  | Reached XP level 9. HP: 53/70 MP: 12/12
  6567 | Ossuary  | Reached skill level 5 in Evocations
  6680 | D:7      | Killed Pikel
  6680 | D:7      | Reached *** piety under Okawaru
  7249 | D:7      | Found a radiant altar of Vehumet.
  8165 | D:8      | Found a deep blue altar of Sif Muna.
  8241 | D:8      | Noticed a five-headed hydra
  8256 | D:8      | Killed a five-headed hydra
  8256 | D:8      | Reached **** piety under Okawaru
  8256 | D:8      | Reached XP level 10. HP: 77/77 MP: 13/15
  9401 | D:9      | Reached ***** piety under Okawaru
  9749 | D:9      | Reached skill level 10 in Shields
  9832 | D:9      | Received a gift from Okawaru
  9836 | D:9      | Noticed Demitroll's ghost (novice TrMo)
 11086 | D:9      | Reached skill level 10 in Maces & Flails
 11099 | D:10     | Entered Level 10 of the Dungeon
 11208 | D:10     | Noticed a two-headed ogre
 11217 | D:10     | Killed a two-headed ogre
 11217 | D:10     | Reached skill level 1 in Invocations
 11217 | D:10     | Reached XP level 11. HP: 82/82 MP: 17/17
 11458 | D:10     | Noticed Nergalle
 11485 | D:10     | Killed Nergalle
 11487 | D:10     | Received a gift from Okawaru
 11502 | D:10     | Got a translucent eveningstar {god gift}
 11512 | D:10     | Identified the +7 eveningstar of Wealth {flame, rF+ Stlth+} (Okawaru gifted it to you on level 10 of the Dungeon)
 11573 | D:10     | Found Nara's Distillery.
 11583 | D:10     | Bought a potion of heal wounds for 65 gold pieces
 11583 | D:10     | Bought a potion of resistance for 130 gold pieces
 11583 | D:10     | Bought a potion of heal wounds for 65 gold pieces
 11589 | D:10     | Learned a level 5 spell: Fireball
 11716 | D:10     | Found a bloodstained altar of Trog.
 12140 | D:11     | Noticed a brown ugly thing
 12153 | D:11     | Killed a brown ugly thing
 12171 | D:11     | Noticed an oklob plant
 12171 | D:11     | Noticed an oklob plant
 12172 | D:11     | Noticed an oklob plant
 12175 | D:11     | Found a staircase to the Lair.
 12231 | D:11     | Reached skill level 1 in Stealth
 12728 | D:11     | Noticed a white ugly thing
 12745 | D:11     | Killed a white ugly thing
 13316 | D:12     | Noticed Maurice
 13328 | D:12     | Killed Maurice
 13490 | D:12     | Noticed a green ugly thing
 13501 | D:12     | Killed a green ugly thing
 13614 | D:12     | Found a staircase to the Orcish Mines.
 13616 | D:12     | Reached skill level 5 in Invocations
 13650 | D:12     | Reached XP level 12. HP: 77/89 MP: 18/18
 14061 | D:13     | Reached ****** piety under Okawaru
 14066 | D:13     | Received a gift from Okawaru
 14334 | D:13     | Noticed Nessos
 14428 | D:13     | Killed Nessos
 14451 | D:13     | Reached skill level 5 in Stealth
 14591 | D:13     | Received a gift from Okawaru
 14623 | D:13     | Identified a +2 pair of boots of running (Okawaru gifted it to you on level 13 of the Dungeon)
 14694 | D:13     | Found an opulent altar of Gozag.
 14780 | D:13     | Noticed a centaur warrior
 14788 | D:13     | Killed a centaur warrior
 14877 | D:14     | Noticed Josephine
 14940 | D:14     | Found a flagged portal.
 14946 | Bailey   | Entered a bailey
 14977 | Bailey   | Noticed an orc warlord
 15251 | Bailey   | Found a runed gate.
 15253 | Bailey   | Found a runed gate.
 15255 | Bailey   | Found a runed gate.
 15502 | Bailey   | Killed an orc warlord
 15502 | Bailey   | Reached skill level 1 in Throwing
 15528 | Bailey   | Identified a scroll of acquirement
 15636 | Bailey   | Reached XP level 13. HP: 107/107 MP: 19/19
 15678 | D:14     | Killed Josephine
 16171 | D:14     | Reached XP level 14. HP: 97/115 MP: 20/20
 17214 | D:14     | Found a glowing golden altar of the Shining One.
 17436 | D:14     | Received a gift from Okawaru
 17686 | D:14     | Found a gate to the Vaults.
 18569 | D:15     | Entered Level 15 of the Dungeon
 19008 | D:15     | Reached skill level 5 in Throwing
 19066 | D:15     | Noticed Roxanne
 19130 | D:15     | Killed Roxanne
 19378 | D:15     | Gained mutation: Your magical capacity is low. (-10% MP) [potion of mutation]
 19378 | D:15     | Lost mutation: Your magical capacity is low. (-10% MP) [potion of mutation]
 19378 | D:15     | Gained mutation: You are dopey. (Int -2) [potion of mutation]
 19378 | D:15     | Gained mutation: You have very sharp teeth. [potion of mutation]
 20048 | D:15     | Found a staircase to the Depths.
 20447 | Lair:1   | Entered Level 1 of the Lair of Beasts
 20905 | Lair:1   | Found a dark tunnel.
 21101 | Volcano  | Entered a volcano
 21128 | Volcano  | Received a gift from Okawaru
 21370 | Volcano  | Reached XP level 15. HP: 114/121 MP: 21/21
 22086 | Lair:2   | Received a gift from Okawaru
 22256 | Lair:2   | Received a gift from Okawaru
 22265 | Lair:2   | Got an ancient dire flail {god gift}
 22300 | Lair:2   | Identified the +4 dire flail of Innocence {holy, rF- rC+ Int+6 Dex+4} (Okawaru gifted it to you on level 2 of the Lair of Beasts)
 23182 | Lair:3   | Found a staircase to the Snake Pit.
 24340 | Lair:4   | Received a gift from Okawaru
 24417 | Lair:4   | Found a staircase to the Shoals.
 25539 | Lair:5   | You fall through a shaft!
 25539 | Lair:6   | Entered Level 6 of the Lair of Beasts
 26630 | Orc:1    | Entered Level 1 of the Orcish Mines
 26683 | Orc:1    | Noticed Gastronok
 26700 | Orc:1    | Killed Gastronok
 27115 | Orc:2    | Entered Level 2 of the Orcish Mines
 27255 | Orc:2    | Paralysed by an ogre mage for 4 turns
 28157 | Orc:1    | Reached skill level 15 in Shields
 28269 | Orc:2    | Reached XP level 16. HP: 111/128 MP: 22/22
 29022 | Orc:1    | Reached skill level 1 in Spellcasting
 29028 | Orc:1    | Received a gift from Okawaru
 29136 | Orc:1    | Reached skill level 15 in Maces & Flails
 29872 | Orc:2    | Reached skill level 1 in Conjurations
 29930 | Orc:2    | Found a staircase to the Elven Halls.
 30261 | Orc:2    | Found a roughly hewn altar of Beogh.
 30459 | Orc:2    | Found Zadamn's Distillery.
 30464 | Orc:2    | Found Pixzy's Jewellery Boutique.
 30469 | Orc:2    | Found Opsyapah's Armour Emporium.
 30470 | Orc:2    | Found Gihomiob's Weapon Shoppe.
 30493 | Orc:2    | Bought a +5 ring of intelligence for 659 gold pieces
 30493 | Orc:2    | Bought an uncursed amulet of regeneration for 480 gold pieces
 30493 | Orc:2    | Bought an uncursed ring of wizardry for 480 gold pieces
 32206 | Lair:6   | HP: 1/128 [seven-headed hydra (6)]
 32206 | Lair:6   | Slain by an elephant

Vault maps used:
D:1:      roderic_crop_circles_arrival_small
D:2:      minmay_roachtagon, grunt_temple_overflow_octagram, lemuel_round_altar
D:4:      temple_fountains, serial_glass, glass_columns_c, glass_columns_a,
          uniq_natasha, uniq_crazy_yiuf_cottage
D:5:      first_ration, basic_altar, uniq_menkaure, uniq_eustachio
D:6:      serial_shops, shop_statue
D:7:      corexii_shantytown, nicolae_ossuary_entry_monument, basic_altar,
          uniq_pikel, uniq_duvessa
D:8:      old_standard_altar, grunt_ogre_cave, nrook_uturn
D:10:     serial_shops, nicolae_shop_statue_plus, lemuel_statue_altar,
          uniq_nergalle
D:11:     dpeg_oklobed_lair
D:12:     kennysheep_orc_monster_closet_entryway, uniq_maurice
D:13:     nicolae_gozag_cash_rules_everything_around_me, uniq_nessos
D:14:     grunt_vaults_entry_tiered, enter_bailey_2,
          nicolae_tso_swordbearing_angel, uniq_josephine
D:15:     grunt_enter_depths_hoard, fountainhead, uniq_roxanne
Temple:   cyrus_circular_temple
Lair:1:   lightli_volcano_entry_magma_tube, nicolae_quartered_pool_super,
          kennysheep_abandoned_house, grunt_megastairs_2
Lair:3:   statuecave_lemuel, dummy_snake_entry, grunt_megastairs_3,
          minmay_lair_oklob_chamber
Lair:4:   minmay_shoals_entry_centaurs, serial_bayou_pond_e
Lair:5:   serial_bayou_pond_e
Lair:6:   guppyfry_lair_end_dragon, hangedman_lair_in_review,
          dpeg_slime_entry_corner, serial_bayou_crossing, grunt_megastairs_4,
          serial_bayou_shore_b, serial_bayou_shore_b
Orc:1:    serial_shops, nicolae_shop_window_shopping, uniq_gastronok
Orc:2:    st_orc_open, basic_altar, elves_outpost_lemuel
Ossuary:  ossuary_minmay_four_chambers
Bailey:   bailey_axe_bossmonster_kennysheep, bailey
Volcano:  volcano_pools

Skill      XL: |  1  2  3  4  5  6  7  8  9 10 11 12 13 14 15 16 |
---------------+-------------------------------------------------+-----
Dodging        | 3 4 5 7 9 |  9.0
Maces & Flails | 3 4 5 7 8 10 11 12 13 14 15 | 15.0
Shields        | 4 5 6 7 9 10 11 12 13 15 | 15.0
Evocations     | 2 4 6 8 9 |  9.0
Invocations    | 1 5 7 8 9 |  9.0
Stealth        | 3 5 6 8 9 |  9.0
Throwing       | 1 2 6 |  6.0
Fighting       | 8 |  8.2
Spellcasting   | 4 |  4.7
Conjurations   | 4 |  4.4

Action                   |  1- 3 |  4- 6 |  7- 9 | 10-12 | 13-15 | 16-18 || total
-------------------------+-------+-------+-------+-------+-------+-------++-------
Melee: Flail             |   180 |       |       |       |       |       ||   180
       Tailslap          |    17 |    36 |   120 |    95 |   217 |    86 ||   571
       Whip              |    15 |   274 |   895 |   278 |       |       ||  1462
       Morningstar       |       |       |       |   148 |       |       ||   148
       Eveningstar       |       |       |       |   353 |  1153 |   423 ||  1929
       Bite              |       |       |       |       |   110 |    57 ||   167
Throw: Javelin           |       |       |       |    28 |     3 |       ||    31
 Abil: Evoke Flight      |       |       |       |     5 |       |       ||     5
       Stop Flying       |       |       |       |     1 |       |       ||     1
Evoke: Wand              |       |     2 |     2 |     3 |     1 |     4 ||    12
       Lightning rod     |       |       |       |       |       |     4 ||     4
  Use: Scroll            |       |     8 |    16 |    12 |    12 |     2 ||    50
       Potion            |       |       |     4 |    13 |     2 |     1 ||    20
 Stab: Sleeping          |       |       |     2 |     2 |    37 |     1 ||    42
       Invisible         |       |       |       |     3 |     3 |       ||     6
       Distracted        |       |       |       |     3 |     4 |     1 ||     8
  Eat: Ration            |     1 |     2 |     4 |     5 |     9 |     2 ||    23
       Chunk             |       |     1 |     3 |     6 |     8 |     6 ||    24
Armor: Skin              |   136 |    76 |   229 |   512 |   337 |   176 ||  1466
Dodge: Dodged            |   160 |    97 |   256 |   385 |   484 |   287 ||  1669
Block: Shield            |   171 |   138 |   326 |   657 |   646 |   356 ||  2294

Table legend:
 A = Spawn XP
 B = Non-spawn XP
 C = Spawn XP percentage of total XP
 D = Spawn monster count
 E = Non-spawn monster count
 F = Spawn count percentage of total count
 G = Total turns spent on level
                    A         B        C        D         E        F      G
               +---------+---------+-------+---------+---------+-------+---------
         Total |       0 |  167165 |   0.0 |       0 |     812 |   0.0 | 32206
               +---------+---------+-------+---------+---------+-------+---------
           D:1 |       0 |      43 |   0.0 |       0 |      27 |   0.0 |   650
           D:2 |       0 |      87 |   0.0 |       0 |      36 |   0.0 |   981
           D:3 |       0 |     223 |   0.0 |       0 |      25 |   0.0 |   841
           D:4 |       0 |     243 |   0.0 |       0 |       8 |   0.0 |  1198
           D:5 |       0 |     827 |   0.0 |       0 |      16 |   0.0 |  1361
           D:6 |       0 |     680 |   0.0 |       0 |      17 |   0.0 |   840
           D:7 |       0 |    1788 |   0.0 |       0 |      44 |   0.0 |  1554
           D:8 |       0 |    2675 |   0.0 |       0 |      34 |   0.0 |  2080
           D:9 |       0 |    3105 |   0.0 |       0 |      43 |   0.0 |   975
          D:10 |       0 |    4423 |   0.0 |       0 |      31 |   0.0 |  1034
          D:11 |       0 |    3995 |   0.0 |       0 |      16 |   0.0 |   948
          D:12 |       0 |    4523 |   0.0 |       0 |      31 |   0.0 |  1150
          D:13 |       0 |    9092 |   0.0 |       0 |      37 |   0.0 |  1573
          D:14 |       0 |   26582 |   0.0 |       0 |      70 |   0.0 |  2457
          D:15 |       0 |   11054 |   0.0 |       0 |      26 |   0.0 |  1670
        Lair:1 |       0 |    2928 |   0.0 |       0 |      22 |   0.0 |  1170
        Lair:2 |       0 |    9482 |   0.0 |       0 |      34 |   0.0 |  1102
        Lair:3 |       0 |    7867 |   0.0 |       0 |      30 |   0.0 |  1252
        Lair:4 |       0 |    4818 |   0.0 |       0 |      26 |   0.0 |   666
        Lair:5 |       0 |    6769 |   0.0 |       0 |      27 |   0.0 |  1125
        Lair:6 |       0 |   26060 |   0.0 |       0 |      69 |   0.0 |  1742
         Orc:1 |       0 |   21254 |   0.0 |       0 |      51 |   0.0 |  3014
         Orc:2 |       0 |    8614 |   0.0 |       0 |      42 |   0.0 |  1017
       Ossuary |       0 |     938 |   0.0 |       0 |      15 |   0.0 |   560
        Bailey |       0 |    1988 |   0.0 |       0 |      27 |   0.0 |   695
       Volcano |       0 |    7107 |   0.0 |       0 |       8 |   0.0 |   492
               +---------+---------+-------+---------+---------+-------+---------
